 Dungeon Crawl Stone Soup version 0.27-a0-1177-g245c70e1c0 (webtiles) character file.

Game seed: 13426150964287788745

3130 night the Grappler (level 9, -11/80 HPs)
             Began as a Troll Fighter on May 16, 2021.
             Mangled by an orc knight
             ... wielding a +0 broad axe
              (19 damage)
             ... in a bailey.
             The game lasted 00:13:20 (5828 turns).

night the Grappler (Troll Fighter)                  Turns: 5828, Time: 00:13:21

Health: -11/80     AC:  9    Str: 29    XL:     9   Next: 61%
Magic:  8/8        EV:  9    Int: 10    God:
Gold:   1731       SH: 12    Dex:  9    Spells: 8/8 levels left

rFire    . . .     SeeInvis .     - Unarmed
rCold    . . .     Faith    .   b - +1 kite shield
rNeg     . . .     Spirit   .   n - +0 steam dragon scales
rPois    .         Reflect  .   (helmet restricted)
rElec    .         Harm     .   s - +1 cloak
rCorr    .         Rampage  .   (gloves unavailable)
Will     .....                  (boots unavailable)
Stlth    +.........             (no amulet)
HPRegen  1.23/turn              e - +6 ring of intelligence
MPRegen  0.11/turn              (no ring)

@: no status effects
A: large, unfitting armour, claws 3, regeneration 1, shaggy fur 1, tough skin 1
a: no special abilities


You were in a bailey.
You visited 2 branches of the dungeon, and saw 8 of its levels.
You also visited: Ossuary and Bailey.

You collected 1731 gold pieces.

Inventory:

Missiles
 f - 174 stones (quivered)
 l - 18 boomerangs
 o - 75 sling bullets
 v - 8 datura-tipped darts
Armour
 a - a +0 robe
 b - a +1 kite shield (worn)
 n - +0 steam dragon scales (worn)
 s - a +1 cloak (worn)
Jewellery
 e - a +6 ring of intelligence (left claw)
 h - a ring of magical power
 j - a ring of protection from fire
 m - an amulet of magic regeneration
 y - a ring of see invisible
Wands
 i - a wand of flame (39)
 t - a wand of mindburst (11)
Scrolls
 p - 2 scrolls of holy word
 r - 3 scrolls of amnesia
Potions
 c - 2 potions of might
 d - a potion of heal wounds
 g - 2 potions of berserk rage
 k - a potion of brilliance
 q - a potion of cancellation
 u - 2 potions of curing {unknown}
 w - a potion of flight
 x - a potion of ambrosia {unknown}
 z - 2 potions of mutation {unknown}
 A - a potion of haste {unknown}


   Skills:
 - Level 2.4 Fighting
 - Level 2.4 Dodging
 + Level 6.9 Shields
 * Level 11.2 Unarmed Combat


You had 8 spell levels left.
You didn't know any spells.
Your spell library contained the following spells:

 Spells                   Type           Power      Damage    Failure   Level
 Beastly Appendage        Tmut           0%         N/A       52%         1
 Magic Dart               Conj           0%         1d3       52%         1
 Summon Small Mammal      Summ           0%         N/A       52%         1
 Call Imp                 Summ           0%         N/A       65%         2
 Searing Ray              Conj           0%         3d3       65%         2
 Wereblood                Tmut           0%         N/A       65%         2
 Call Canine Familiar     Summ           0%         N/A       87%         3
 Dazzling Flash           Conj/Hex       0%         N/A       87%         3
 Spider Form              Tmut/Pois      0%         N/A       87%         3
 Summon Guardian Golem    Hex/Summ       0%         N/A       87%         3
 Fulminant Prism          Conj/Hex       0%         3d6       99%         4
 Ice Form                 Ice/Tmut       0%         N/A       99%         4
 Iskenderun's Mystic Bla  Conj/Tloc      0%         2d3       99%         4
 Summon Ice Beast         Ice/Summ       0%         N/A       99%         4
 Summon Lightning Spire   Summ/Air       0%         N/A       99%         4
 Hydra Form               Tmut           0%         N/A       100%        5


Dungeon Overview and Level Annotations

Branches:
Dungeon (7/15)             Temple (1/1) D:5         Ossuary (visited)
 Bailey (1/1)

Altars:
Dithmenos
Elyvilon
Fedhas
Hepliaklqana
Kikubaaqudgha
Makhleb
Nemelex Xobeh
Okawaru
Qazlal
Ru
Trog
Uskayaw
Wu Jian
Yredelemnul
Zin
The Shining One

Shops:
D:4 *


Innate Abilities, Weirdness & Mutations

You are too large for most types of armour.
You have claws for hands.
Your natural rate of healing is unusually fast.
You are covered in fur. (AC +1)
You have tough skin. (AC +1)


Message History

The kobold throws a boomerang.
The boomerang hits you.
The kobold throws a boomerang.
The boomerang barely misses you.
The kobold throws a boomerang.
You block the boomerang.
The kobold throws a boomerang.
You block the boomerang.
The kobold throws a boomerang.
The boomerang hits you.
There is an open door here.
The kobold throws a boomerang.
The boomerang hits you but does no damage.
The orc knight hits you with a +0 broad axe!!
The kobold throws a boomerang.
The boomerang barely misses you.
There is an open door, spattered with blood here.
You mangle the orc knight!!
The orc knight is moderately wounded.
The orc knight hits you with a +0 broad axe!!
You claw the orc knight!
The orc knight is heavily wounded.
The orc knight hits you with a +0 broad axe!
The kobold throws a boomerang.
You block the boomerang.
You claw the orc knight!
The orc knight is heavily wounded.
You block the orc knight's attack.
The kobold drinks a potion.
The kobold seems to grow stronger.
You completely miss the orc knight.
The orc knight is heavily wounded.
You block the orc knight's attack.
You claw the orc knight!
The orc knight is severely wounded.
The orc knight hits you with a +0 broad axe.
You scratch the orc knight but do no damage.
The orc knight is severely wounded.
The orc warrior no longer looks unusually strong.
You block the orc knight's attack.
You claw the orc knight!
The orc knight is almost dead.
The orc knight hits you with a +0 broad axe!!
* * * LOW HITPOINT WARNING * * *
You scratch the orc knight but do no damage.
The orc knight is almost dead.
The orc knight hits you with a +0 broad axe!!
You die...

♣.##....# ♣♣..###'#
♣...≈≈≈.# ♣...≈≈≈.#
∩..K≈≈≈g# ♣..K≈≈≈o#
....... ♣..K≈≈≈K#
..8...8..≈
♣♣..###o#≈.........≈
♣.##..@# )?8o..8![≈
♣##....## ≈#####≈≈ #.
##......####...####..
#......†.............
#..8..8..†..........8
#......))............
##...................
##...8...##'''##...8
##.....##.....## .


You could see an orc knight, an orc warrior, a gnoll and a kobold (strong).

Vanquished Creatures
  A steam dragon (D:6)
  2 water moccasins (D:4)
  Duvessa (D:5)
  2 necrophages (D:7)
  An orc warrior (Bailey)
  A sky beast (D:5)
  2 black bears (D:5)
  A phantom (D:6)
  4 elf zombies
  A bullfrog (D:6)
  A water moccasin zombie (D:7)
  3 gnoll sergeants
  Dowan (D:5)
  A wyvern zombie (D:6)
  An elf skeleton (D:5)
  A scorpion (D:3)
  3 wights (D:7)
  A bullfrog zombie (D:6)
  4 orc priests
  2 centaur zombies (D:7)
  3 hounds
  A centaur skeleton (D:6)
  2 human zombies (Ossuary)
  2 bullfrog skeletons
  2 human skeletons (D:5)
  2 iguanas (D:5)
  3 orc wizards
  2 killer bee zombies
  2 hound skeletons (D:4)
  6 mummies
  A howler monkey zombie (D:7)
  16 gnolls
  A howler monkey skeleton (D:5)
  4 adders
  3 white imps
  An ufetubus (D:4)
  A worm (D:4)
  A dart slug (D:4)
  33 orcs
  4 ball pythons
  5 bats
  5 endoplasms
  2 giant cockroaches
  2 gnoll zombies (Ossuary)
  16 goblins
  9 hobgoblins
  10 jackals
  4 quokkas
  A frilled lizard (D:1)
  4 goblin zombies (Ossuary)
  A hobgoblin zombie (Ossuary)
  8 kobolds
  An orc skeleton (D:5)
  3 orc zombies (Ossuary)
  4 rats
199 creatures vanquished.

Notes
Turn   | Place    | Note
-------+----------+-------------------------------------------
     0 | D:1      | night the Troll Fighter began the quest for the Orb.
     0 | D:1      | Reached XP level 1. HP: 22/22 MP: 0/0
   138 | D:1      | Reached XP level 2. HP: 29/29 MP: 1/1
   156 | D:1      | Reached skill level 3 in Unarmed Combat
   444 | D:1      | Reached XP level 3. HP: 33/36 MP: 2/2
   738 | D:1      | Found a basalt altar of Yredelemnul.
  1381 | D:2      | Found a faded altar of an unknown god.
  1419 | D:3      | Reached XP level 4. HP: 44/44 MP: 3/3
  1455 | D:3      | Reached skill level 4 in Unarmed Combat
  1568 | D:3      | Found a hazy altar of Hepliaklqana.
  2402 | D:4      | Noticed a scorpion
  2413 | D:3      | Killed a scorpion
  2414 | D:3      | Reached XP level 5. HP: 45/50 MP: 4/4
  2466 | D:4      | Reached skill level 5 in Unarmed Combat
  2515 | D:5      | Entered Level 5 of the Dungeon
  2561 | D:5      | Found a burning altar of Makhleb.
  2567 | D:5      | Reached XP level 6. HP: 59/59 MP: 5/5
  2569 | D:5      | Found a glowing silver altar of Zin.
  2571 | D:5      | Noticed an angel
  2571 | D:5      | Noticed a balrug
  2665 | D:5      | Found a sand-covered staircase.
  2677 | Ossuary  | Entered an ossuary
  2705 | Ossuary  | Reached skill level 6 in Unarmed Combat
  2747 | Ossuary  | Reached XP level 7. HP: 66/66 MP: 6/6
  2899 | D:5      | Reached skill level 7 in Unarmed Combat
  3137 | D:5      | Identified a scroll of acquirement
  3138 | D:5      | Acquired 1068 gold pieces
  3150 | D:5      | Noticed Duvessa
  3150 | D:5      | Noticed Dowan
  3161 | D:5      | Killed Duvessa
  3162 | D:5      | Reached XP level 8. HP: 72/74 MP: 7/7
  3166 | D:5      | Killed Dowan
  3167 | D:5      | Reached skill level 5 in Shields
  3167 | D:5      | Reached skill level 8 in Unarmed Combat
  3247 | D:5      | Found a staircase to the Ecumenical Temple.
  3263 | Temple   | Entered the Ecumenical Temple
  3877 | D:4      | Reached skill level 9 in Unarmed Combat
  4083 | D:4      | Found Xiokk's Serpentskin Sales.
  4694 | D:6      | Found a sparkling altar of Nemelex Xobeh.
  4735 | D:6      | Reached XP level 9. HP: 65/80 MP: 8/8
  4787 | D:6      | Reached skill level 10 in Unarmed Combat
  5647 | D:7      | Reached skill level 11 in Unarmed Combat
  5730 | D:7      | Found a basalt altar of Yredelemnul.
  5732 | D:7      | Found a flagged portal.
  5756 | Bailey   | Entered a bailey
  5761 | Bailey   | Noticed an orc warlord
  5806 | Bailey   | Noticed an orc knight
  5827 | Bailey   | HP: 7/80 [orc knight/+0 broad axe (23)]
  5828 | Bailey   | Mangled by an orc knight

Illustrated notes

Levels and vault maps discovered:
D:1:      dpeg_arrival_lava_altar, layout_loops_cross
D:2:      layout_loops_ring, shapermc_ecumenical_altar_mp_ritualfount
D:3:      layout_basic, lemuel_doored_altar
D:4:      layout_gridville, guppyfry_shop_venom
D:5:      layout_basic, grunt_temple_overflow_order_and_chaos_2,
          minmay_temple_entry_trees, serial_corexii_hall,
          chequers_hall_statues_y, chequers_hall_statues_wall_a,
          nicolae_ossuary_entry_catacombs, uniq_duvessa
D:6:      layout_gridville, overflow_temple_1_default, grunt_ministairs_7
D:7:      layout_cave_pools, overflow_temple_1_default,
          cheibrodos_ashenzari_chains, kennysheep_mini, enter_bailey_4,
          serial_undead, serial_undead_c, serial_undead_d, serial_undead_a,
          serial_undead_a
Temple:   chequers_temple_sunken
Bailey:   bailey_axe_bossmonster_kennysheep, bailey

Skill      XL: |  1  2  3  4  5  6  7  8  9 |
---------------+----------------------------+-----
Unarmed Combat | 3 4 5 6 7 9 11 | 11.2
Shields        | 3 4 6 |  6.9
Fighting       | |  2.4
Dodging        | |  2.4

Action                   |  1- 3 |  4- 6 |  7- 9 || total
-------------------------+-------+-------+-------++-------
Melee: Unarmed           |   109 |   156 |   376 ||   641
Throw: Stone             |       |       |     1 ||     1
       Boomerang         |       |       |     1 ||     1
Evoke: Wand              |       |     1 |       ||     1
  Use: Scroll            |       |     5 |    10 ||    15
       Potion            |       |     1 |     1 ||     2
 Stab: Sleeping          |     1 |       |       ||     1
Armor: Robe              |    36 |    55 |    36 ||   127
       Steam dragon scal |       |       |    56 ||    56
Dodge: Dodged            |    25 |    47 |   111 ||   183
Block: Kite shield       |    47 |    80 |   220 ||   347

Table legend: (Time is in decaauts)
 A = Elapsed time spent in this place.
 B = Non-inter-level travel time spent in this place.
 C = Inter-level travel time spent in this place.
 D = Time resting spent in this place.
 E = Time spent auto-exploring this place.
 F = Levels seen in this place.
 G = Mean time per level.
                   A        B        C        D        E       F      G
               +--------+--------+--------+--------+--------+-----+--------+
         Total |   5890 |   5677 |    213 |     74 |   4154 |  10 |  589.0 |
       Dungeon |   5353 |   5173 |    180 |     61 |   3837 |   7 |  764.7 |
        Temple |    272 |    239 |     33 |      0 |    239 |   1 |  272.0 |
       Ossuary |    195 |    195 |      0 |     13 |     71 |   1 |  195.0 |
        Bailey |     69 |     69 |      0 |      0 |      7 |   1 |   69.0 |
               +--------+--------+--------+--------+--------+-----+--------+

Top non-repeatable levels by time:
     D:6: 1110 daAuts
     D:3: 1021 daAuts
     D:5: 1018 daAuts
     D:1: 790 daAuts
     D:2: 620 daAuts
     D:4: 570 daAuts
  Temple: 272 daAuts
     D:7: 221 daAuts
 Ossuary: 195 daAuts
  Bailey: 69 daAuts
